Construct Section Command Post
Selects Heavy Armor Battlegroup
Construct Platoon Command Post
Construct Field Infirmary
Selects Rigorous Vehicle Training
6-pounder Anti-tank Gun Team
Unlock Bishop Self-propelled Artillery
Selects Light Vehicle Withdraw and Refit
Bishop Self-propelled Artillery
6-pounder Anti-tank Gun Team
Bishop Self-propelled Artillery
Selects Forward Repair Assembly
Selects Churchill Black Prince Heavy Tank